 Dungeon Crawl Stone Soup version 0.30-a0-605-gb2882149bf (webtiles) character file.

Game seed: 522496506278925657

224 bmack86 the Trooper (level 5, -1/48 HPs)
             Began as a Minotaur Fighter on Jan 7, 2023.
             Slain by Menkaure (12 damage)
             ... on level 4 of the Dungeon.
             The game lasted 00:06:46 (2079 turns).

bmack86 the Trooper (Minotaur Fighter)              Turns: 2079, Time: 00:06:46

Health: -1/48      AC: 14    Str: 22    XL:     5   Next: 67%
Magic:  4/4        EV:  6    Int:  5    God:
Gold:   148        SH:  4    Dex: 10    Spells: 4/4 levels left

rFire   . . .      SeeInvis .    a - +0 war axe
rCold   . . .      Faith    .    c - +0 buckler
rNeg    . . .      Spirit   .    o - +2 plate armour
rPois   .          Reflect  .    (helmet restricted)
rElec   .          Harm     .    (no cloak)
rCorr   .          Rampage  .    (no gloves)
Will    +....                    (no boots) Stlth
                                 g - amulet of regeneration
HPRegen 1.08/turn                q - ring of willpower
MPRegen 0.09/turn                (no ring)

@: no status effects
A: horns 2, retaliatory headbutt
a: no special abilities


You were on level 4 of the Dungeon.
You visited 1 branch of the dungeon, and saw 4 of its levels.

You collected 148 gold pieces.

Inventory:

Hand Weapons
 a - a +0 war axe (weapon)
Missiles
 p - 8 poisoned darts (quivered)
Armour
 c - a +0 buckler (worn)
 o - a +2 plate armour (worn)
Jewellery
 g - an amulet of regeneration (around neck)
 q - a ring of willpower (left hand)
 t - the Hermit's Pendant {Faith Invo=14 Evo=0 MP+5}
   (You found it on level 3 of the Dungeon)

   [amulet of faith]

   It sets your invocations skill to 14 and your evocations skill to 0.
   It allows you to gain divine favour quickly.
   MP:        It affects your magic capacity (+5).
Scrolls
 i - 3 scrolls of vulnerability
 n - a scroll of poison
 s - a scroll of blinking {unknown}
Potions
 d - a potion of might
 e - a potion of attraction
 h - a potion of degeneration
 j - 5 potions of curing
 m - a potion of heal wounds
 r - a potion of lignification
 u - a potion of mutation {unknown}


   Skills:
 * Level 5.4 Fighting
 * Level 4.6 Axes
 + Level 4.5 Armour
 + Level 4.4 Shields


You had 4 spell levels left.
You didn't know any spells.
Your spell library contained the following spells:

 Spells                   Type           Power      Damage    Failure   Level
 Frozen Ramparts          Ice            0%         1d1       100%        3
 Ice Form                 Ice/Tmut       0%         N/A       100%        4
 Summon Ice Beast         Ice/Summ       0%         N/A       100%        4
 Iskenderun's Battlesphe  Conj           0%         2d6       100%        5
 Iron Shot                Conj/Erth      0%         9d1       100%        6
 Spellforged Servitor     Conj/Summ      0%         N/A       100%        7


Dungeon Overview and Level Annotations

Branches:
Dungeon (4/15)
 Temple: D:4-7

Altars:
Zin
The Shining One

Annotations:
D:4 Menkaure


Innate Abilities, Weirdness & Mutations

You have a pair of horns on your head.
You reflexively headbutt those who attack you in melee.


Message History

You see here a +0 halberd.
Things that are here:
a +0 halberd; a gnoll corpse
Items here: ))) †.
Okay, then.
HP restored.
You feel a little less mighty now.
Found a stone staircase leading down.
j - 5 potions of curing (gained 1) Menkaure, Prince of Dust comes into view.
Menkaure shouts!
An adder comes into view.
Menkaure calls on the powers of darkness!
Your body is wracked with pain!
The adder convulses!
The adder barely misses you. You furiously retaliate!
You headbutt the adder. You barely miss the adder.
The adder is heavily wounded.
You hit Menkaure but do no damage. The adder bites you but does no damage.
Menkaure points at you and mumbles some strange words.
Pain shoots through your body!
You miss the adder. Your headbutt misses the adder.
The adder is heavily wounded.
You hit Menkaure. The adder bites you but does no damage.
The adder barely misses you. Menkaure hits you!
* * * LOW HITPOINT WARNING * * *
You slash the adder!
You kill the adder!
You closely miss Menkaure.
Menkaure sighs a few words.
You block Menkaure's attack. Menkaure hits you.
* * * LOW HITPOINT WARNING * * *
You hit Menkaure. You headbutt Menkaure.
Menkaure is heavily damaged.
Menkaure screams, "Why can't you leave me to my rest?"
You block Menkaure's attack.
You slash Menkaure!
Menkaure is almost destroyed.
Menkaure hits you!
You die...

#..##.......#######...#..
######.........##...####.
##...........### .
###............# #
##..............#
#...............#
#...............#
##........^.....#
#....@M........#
#.....†........#
#............
#..........$..
#..##........... ###
##.......... ###........
###....## #####


You could see Menkaure.

Vanquished Creatures
  A jelly (D:3)
  11 gnolls
  2 adders
  2 worms (D:2)
  7 endoplasms
  4 giant cockroaches
  4 hobgoblins
  3 jackals (D:2)
  9 kobolds
  4 quokkas
  5 ball pythons
  7 bats
  8 frilled lizards
  4 goblins
  5 rats
76 creatures vanquished.

Notes
Turn   | Place    | Note
-------+----------+-------------------------------------------
     0 | D:1      | bmack86 the Minotaur Fighter began the quest for the Orb.
     0 | D:1      | Reached XP level 1. HP: 19/19 MP: 0/0
   298 | D:1      | Reached XP level 2. HP: 27/27 MP: 1/1
   311 | D:1      | Reached skill level 4 in Fighting
   499 | D:1      | Reached XP level 3. HP: 29/33 MP: 2/2
   920 | D:2      | Reached XP level 4. HP: 12/41 MP: 3/3
   924 | D:2      | HP: 1/41 [gnoll/+0 flail (2)]
  1677 | D:3      | Found a faded altar of an unknown god.
  1677 | D:3      | Found the Hermit's Pendant {Faith Invo=14 Evo=0 MP+5}
  1684 | D:3      | Reached skill level 5 in Fighting
  1684 | D:3      | Reached XP level 5. HP: 46/48 MP: 4/4
  1779 | D:3      | Found a glowing silver altar of Zin.
  1781 | D:3      | Found a glowing golden altar of the Shining One.
  2068 | D:4      | Noticed Menkaure
  2079 | D:4      | Slain by Menkaure

Illustrated notes

Levels and vault maps discovered:
D:1:      wander_arrival_lonely_grave, layout_loops_ring
D:2:      layout_loops_ring, minmay_diced_spiral
D:3:      layout_rooms, nicolae_overflow_hidden_temple, grunt_decor_fettered,
          st_stairs_8, hellmonk_guarded_unrand_hermit
D:4:      layout_cave_pods, minitemple, uniq_menkaure

Skill      XL: |  1  2  3  4 |
---------------+-------------+-----
Fighting       | 4 5 |  5.4
Axes           | 3 4 |  4.6
Armour         | 4 |  4.5
Shields        | 4 |  4.4

Action                   |  1- 3 |  4- 6 || total
-------------------------+-------+-------++-------
Melee: War axe           |    60 |    76 ||   136
       Headbutt          |     5 |    11 ||    16
  Use: Scroll            |       |    11 ||    11
       Potion            |       |     2 ||     2
Armor: Scale mail        |    36 |    12 ||    48
       Plate armour      |       |    41 ||    41
Dodge: Dodged            |    45 |    34 ||    79
Block: Buckler           |    18 |    24 ||    42

Table legend: (Time is in decaauts)
 A = Elapsed time spent in this place.
 B = Non-inter-level travel time spent in this place.
 C = Inter-level travel time spent in this place.
 D = Time resting spent in this place.
 E = Time spent auto-exploring this place.
 F = Levels seen in this place.
 G = Mean time per level.
                   A        B        C        D        E       F      G
               +--------+--------+--------+--------+--------+-----+--------+
         Total |   2128 |   2064 |     64 |      0 |   1271 |   4 |  532.0 |
       Dungeon |   2128 |   2064 |     64 |      0 |   1271 |   4 |  532.0 |
               +--------+--------+--------+--------+--------+-----+--------+

Top non-repeatable levels by time:
     D:2: 861 daAuts
     D:1: 596 daAuts
     D:3: 504 daAuts
     D:4: 167 daAuts
